 Dungeon Sprint DCSS version 0.26.1-2-gb8aa6d0cf2 (webtiles) character file.

Game seed: 4253207607500051839

297 Groucho the Covert (level 6, 0/38 HPs)
             Began as an Octopode Transmuter on Feb 14, 2021.
             Slain by a yak (16 damage)
             ... in the Dungeon (Sprint I: "Red Sonja").
             The game lasted 00:01:48 (1213 turns).

Groucho the Covert (Octopode Transmuter)            Turns: 1213, Time: 00:01:48

Health: 0/38       AC:  1    Str: 10    XL:     6   Next: 35%
Magic:  14/15      EV: 13    Int: 15    God:
Gold:   313        SH:  0    Dex: 14    Spells: 2/17 levels left

rFire    . . .     SeeInvis .     - Unarmed
rCold    . . .     Faith    .   (no shield)
rNeg     . . .     Spirit   .   (helmet currently unavailable)
rPois    .         Reflect  .   (no amulet)
rElec    .         Harm     .   (no ring)
rCorr    .         Rampage  .   (no ring)
Will     .....     NoTele   +   (no ring)
Stlth    ++++++....             (no ring)
HPRegen  0.12/turn              (no ring)
MPRegen  0.14/turn              (no ring)
                                (no ring)
                                (no ring)

@: appendages
A: almost no armour, stealthy swim, amphibious, 8 rings, constrict 8, tentacle
spike 3, camouflage 1, gelatinous body 1
a: End Transformation


You were in the Dungeon.
One of your tentacles had a temporary spike.
You visited 1 branch You collected 313 gold pieces.

Inventory:

Scrolls
 a - a scroll of fog {unknown}
 g - a scroll of blinking
Potions
 d - a potion of haste
 e - 2 potions of magic
 f - a potion of berserk rage


   Skills:
 - Level 1.0 Fighting
 - Level 2.0 Dodging
 + Level 12.3 Stealth
 + Level 3.3 Unarmed Combat
 + Level 6.1 Spellcasting
 + Level 6.7 Transmutations


You had 2 spell levels left.
You knew the following spells:

 Your Spells              Type           Power        Failure   Level
a - Beastly Appendage     Tmut           48%          1%          1
b - Wereblood             Tmut           24%          1%          2
c - Spider Form           Tmut/Pois      7%           11%         3
d - Blade Hands           Tmut           12%          26%         5
e - Ice Form              Ice/Tmut       14%          36%         4

Your spell library contained the following spells:

 Spells                   Type           Power        Failure   Level


Dungeon Overview and Level Annotations

Branches:
Dungeon (1/1)

Altars:
Cheibriados
Dithmenos
Elyvilon
Fedhas
Gozag
Hepliaklqana
Kikubaaqudgha
Okawaru
Qazlal
Ru
Sif Muna
Trog
Uskayaw
Vehumet
Wu Jian
Yredelemnul
Zin
The Shining One

Shops:
D [


Innate Abilities, Weirdness & Mutations

You cannot wear most types of armour.
You are very stealthy in the water. (Stealth+)
You are amphibious.
You can wear up to eight rings at the same time.
You can use your tentacles to constrict eight enemies at once.
Your skin changes colour to match your surroundings (Stealth+).
Your rubbery body absorbs attacks. (AC +1, EV +1)
One of your tentacles bears a large vicious spike.


Message History

Confirm with . or Enter, or press ? or * to list all spells.
One of your tentacles grows a vicious spike.
The yak bellows!
The yak gores you!
You tentacle-slap the yak but do no damage.
The yak gores you.
You barely miss the yak.
Your tentacle spike misses the yak.
The yak gores you but does no damage.
You barely miss the yak.
Your tentacle spike misses the yak.
The yak misses you.
You tentacle-slap the yak.
You pierce the yak.
The yak is moderately wounded.
The yak misses you.
You tentacle-slap the yak.
Your tentacle spike misses the yak.
The yak is moderately wounded.
The yak gores you!
You closely miss the yak.
Your tentacle spike misses the yak.
The yak is moderately wounded.
The yak gores you!
You die...

################
#<.#.['..#.)'..#
#..'..#.)'..#..+
#..#####'#####'#
#..# #..#...#.#
#..#__####..##.#
#..#_____##'#_.+
#⌠⌠#_.∩..Y@..._#
####_..__##_.#'#
#____ ##+#[#
#### ###


You could see a yak.

Vanquished Creatures
  Sigmund (D)
  An ogre (D)
  A jelly (D)
  Ijyb (D)
4 creatures vanquished.

Vanquished Creatures (others)
  A gargoyle (D)
1 creature vanquished.

Grand Total: 5 creatures vanquished

Notes
Turn   | Place    | Note
-------+----------+-------------------------------------------
     0 | D        | Groucho the Octopode Transmuter began the quest for the
                  | Orb.
     0 | D        | Reached XP level 1. HP: 13/13 MP: 3/3
     3 | D        | Noticed Ijyb
    14 | D        | Killed Ijyb
    15 | D        | Reached skill level 5 in Stealth
    15 | D        | Reached XP level 2. HP: 9/18 MP: 4/6
    15 | D        | Reached XP level 3. HP: 11/23 MP: 4/7
    78 | D        | Killed a gargoyle
   466 | D        | Learned a level 2 spell: Wereblood
   470 | D        | Learned a level 3 spell: Spider Form
   473 | D        | Noticed an ogre
   483 | D        | Killed an ogre
   484 | D        | Reached skill level 9 in Stealth
   484 | D        | Reached XP level 4. HP: 28/28 MP: 5/10
   498 | D        | Noticed Sigmund
   506 | D        | Killed Sigmund
   507 | D        | Reached skill level 12 in Stealth
   507 | D        | Reached XP level 5. HP: 21/33 MP: 7/13
   507 | D        | Reached XP level 6. HP: 25/38 MP: 8/15
   826 | D        | Found a shimmering blue altar of Sif Muna.
   833 | D        | Learned a level 5 spell: Blade Hands
   838 | D        | Learned a level 4 spell: Ice Form
   838 | D        | Found an ornate altar of the Wu Jian Council.
   840 | D        | Found a radiant altar of Vehumet.
  1205 | D        | Found Ginom's Armour Emporium.
  1205 | D        | Found an ancient bone altar of Kikubaaqudgha.
  1205 | D        | Found a hazy altar of Hepliaklqana.
  1205 | D        | Found a stormy altar of Qazlal.
  1205 | D        | Found a hide-covered altar of Uskayaw.
  1205 | D        | Found a blossoming altar of Fedhas.
  1205 | D        | Found a bloodstained altar of Trog.
  1205 | D        | Found an iron altar of Okawaru.
  1205 | D        | Found a basalt altar of Yredelemnul.
  1205 | D        | Found a glowing golden altar of the Shining One.
  1205 | D        | Found a snail-covered altar of Cheibriados.
  1205 | D        | Found a sacrificial altar of Ru.
  1205 | D        | Found a glowing silver altar of Zin.
  1205 | D        | Found a shadowy altar of Dithmenos.
  1205 | D        | Found a white marble altar of Elyvilon.
  1205 | D        | Noticed a yak
  1206 | D        | Found an opulent altar of Gozag.
  1213 | D        | Slain by a yak

Illustrated notes

Levels and vault maps discovered:
D:        dungeon_sprint_1 [red_sonja_temple_1, red_sonja_temple_small_1]

Skill      XL: |  1  2  3  4 |
---------------+-------------+-----
Stealth        | 5 9 12 | 12.3
Spellcasting   | 3 4 6 |  6.1
Transmutations | 3 4 6 |  6.7
Fighting       | |  1.0
Dodging        | |  2.0
Unarmed Combat | |  3.3

Action                   |  1- 3 |  4- 6 || total
-------------------------+-------+-------++-------
Melee: Unarmed           |    18 |    14 ||    32
       Tentacles         |     5 |     3 ||     8
       Kick              |     5 |     3 ||     8
       Constrict         |     1 |     1 ||     2
       Punch             |     1 |       ||     1
 Cast: Beastly Appendage |     2 |     3 ||     5
       Wereblood         |     1 |       ||     1
  Use: Potion            |     1 |     1 ||     2
 Stab: Sleeping          |     2 |     2 ||     4
Armor: Skin              |       |     1 ||     1
Dodge: Dodged            |     9 |     4 ||    13
